 Dungeon Crawl Stone Soup version 0.28.0-43-g3370ac3207 (webtiles) character file.

Game seed: 259159310964913212

44 crimpus the Skirmisher (level 3, -1/42 HPs)
             Began as an Ogre Berserker on Mar 15, 2022.
             Was a Follower of Trog.
             Slain by a black bear (7 damage)
             ... on level 2 of the Dungeon.
             The game lasted 00:01:23 (1801 turns).

crimpus the Skirmisher (Ogre Berserker)             Turns: 1801, Time: 00:01:24

Health: -1/42      AC:  3    Str: 23    XL:     3   Next: 62%
Magic:  3/3        EV: 10    Int:  8    God:    Trog [*.....]
Gold:   73         SH:  0    Dex:  8    Spells: 2/2 levels left

rFire   . . .      SeeInvis .   a - +0 mace
rCold   . . .      Faith    .   (no shield)
rNeg    . . .      Spirit   .   b - +0 animal skin
rPois   .          Reflect  .   (helmet restricted)
rElec   .          Harm     .   (no cloak)
rCorr   .          Rampage  .   (gloves unavailable)
Will    .....                   (boots unavailable)
Stlth   +.........              (no amulet)
HPRegen 0.14/turn               (no ring)
MPRegen 0.08/turn               (no ring)

@: no status effects
A: large, unfitting armour, tough skin 1
a: Renounce Religion, Berserk


You were on level 2 of the Dungeon.
You worshipped Trog.
Trog was aware of your devotion.
You visited 1 branch of the dungeon, and saw 2 of its levels.

You collected 73 gold pieces.

Inventory:

Hand Weapons
 a - a +0 mace (weapon)
Armour
 b - a +0 animal skin (worn)
Scrolls
 c - a scroll of identify {unknown}
 d - a scroll of vulnerability {unknown}
 f - a scroll of teleportation {unknown}
Potions
 e - 2 potions of heal wounds {unknown}


   Skills:
 + Level 5.0 Fighting
 * Level 3.1 Maces & Flails
 - Level 3.1 Dodging


You had 2 spell levels left.
You didn't know any spells.
Your spell library was empty.

Dungeon Overview and Level Annotations

Branches:
Dungeon (2/15)

Altars:

Shops:
D:1 *


Innate Abilities, Weirdness & Mutations

You are too large for most types of armour.
You have tough skin. (AC +1)


Message History

The black bear bites you. The black bear claws you. x2
The kobold hits you but does no damage. The black bear barely misses you. x2
The black bear closely misses you.
You hit the black bear.
The black bear is moderately wounded.
The kobold misses you. The black bear barely misses you. x2
The black bear claws you but does no damage.
The goblin hits you but does no damage.
You closely miss the black bear.
The black bear is moderately wounded.
The kobold closely misses you. The black bear bites you.
The black bear claws you but does no damage.
The black bear barely misses you. The goblin closely misses you.
The kobold closely misses you.
You fail to use your ability.
The black bear completely misses you.
The black bear claws you but does no damage.
The black bear closely misses you.
You hit the black bear.
The black bear is heavily wounded.
The black bear bites you but does no damage.
The black bear barely misses you. The black bear claws you.
You hit the black bear.
The black bear is heavily wounded.
The black bear bites you.
The black bear claws you but does no damage.
The black bear claws you. The black bear bites you.
The black bear barely misses you. The black bear claws you.
You hit the black bear.
The black bear is severely wounded.
The black bear bites you!
* * * LOW HITPOINT WARNING * * *
The black bear claws you but does no damage.
The black bear barely misses you.
You hit the black bear.
The black bear is severely wounded.
The black bear goes berserk!
You completely miss the black bear.
The black bear is severely wounded.
The black bear bites you!
You die...

###### ###### #.....#
#......## ##.......
#........## #........
#..........# #....>...
#..........# #........
#..........# #........
##..........###........
............@hg........
##........###K........
#..........###........
#...)......# #....>...
#.....†....# #........
#..........# ##.......
#..........### #...)..
### ##.......<....
##.[# (.# ##......#####


You could see a black bear (berserk), a goblin and a kobold.

Vanquished Creatures
  A worm (D:2)
  4 dart slugs
  2 ball pythons
  2 bats (D:1)
  2 endoplasms
  A giant cockroach (D:1)
  3 hobgoblins
  2 jackals (D:1)
  3 frilled lizards
  4 goblins (D:1)
  6 kobolds
  3 rats
33 creatures vanquished.

Notes
Turn   | Place    | Note
-------+----------+-------------------------------------------
     0 | D:1      | crimpus the Ogre Berserker began the quest for the Orb.
     0 | D:1      | Reached XP level 1. HP: 24/24 MP: 1/1
   283 | D:1      | Reached XP level 2. HP: 33/33 MP: 2/2
   843 | D:1      | Found Sawo's Assorted Antiques.
   846 | D:1      | Reached XP level 3. HP: 38/40 MP: 3/3
   911 | D:1      | Reached ** piety under Trog
  1381 | D:2      | Reached skill level 5 in Fighting
  1787 | D:2      | Noticed a black bear
  1801 | D:2      | Slain by a black bear

Illustrated notes

Levels and vault maps discovered:
D:1:      minmay_arrival_jagged, layout_loops_corners, serial_shops,
          nicolae_square_shop
D:2:      layout_rooms

Skill      XL: |  1  2  3 |
---------------+----------+-----
Dodging        | 3 |  3.1
Maces & Flails | 3 |  3.1
Fighting       | 5 |  5.0

Action                   || total
-------------------------++-------
Melee: Mace              ||   122
       Punch             ||     1
Invok: Berserk           ||     1
Armor: Animal skin       ||    53
Dodge: Dodged            ||   104
